 Seeded DCSS version 0.30.0 (webtiles) character file.

Game seed: 7229806256980976716 (custom seed)

2 bananamous the Trooper (level 1, 19/19 HPs)
             Began as a Draconian Berserker on July 11, 2023.
             Was a Follower of Trog.
             Got out of the dungeon alive.
             The game lasted 00:01:10 (108 turns).

bananamous the Trooper (Draconian Berserker)         Turns: 108, Time: 00:01:10

Health: 19/19      AC:  4    Str: 19    XL:     1   Next: 33%
Magic:  1/1        EV: 12    Int:  7    God:    Trog [*.....]
Gold:   17         SH:  0    Dex: 10    Spells: 0/0 levels left

rFire   . . .        a - +0 hand axe
rCold   . . .        (no shield)
rNeg    . . .        (body armour unavailable)
rPois   .            (helmet restricted)
rElec   .            (no cloak)
rCorr   .            (no gloves)
SInv    .            (no boots)
Will    .....        (no amulet)
Stlth   +            (no ring)
HPRegen 0.23/turn    (no ring)
MPRegen 0.07/turn

%: no passive effects
@: no status effects
A: AC +4, unfitting armour, cold-blooded
a: Renounce Religion, Berserk


You escaped.
You worshipped Trog.
Trog was aware of your devotion.
You visited 1 branch of the dungeon, and saw 1 of its levels.

You collected 17 gold pieces.

Inventory:

Hand Weapons
 a - a +0 hand axe (weapon)
Missiles
 b - a throwing net (quivered)
Scrolls
 c - 2 scrolls of amnesia {unknown}
 d - a scroll of acquirement


   Skills:
 + Level 3.3 Fighting
 + Level 3.0 Axes
 + Level 2.7 Dodging


You couldn't memorise any spells.
You didn't know any spells.
Your spell library was empty.

Dungeon Overview and Level Annotations

Branches:
Dungeon (1/15)

Altars:


Innate Abilities, Weirdness & Mutations

Your plain brown scales are hard. (AC +4)
You cannot fit into any form of body armour.
You are cold-blooded and may be slowed by cold attacks.


Message History

No target in view!
No target in view!
b - a throwing net
Found 17 gold pieces.
You now have 17 gold pieces.
Found 2 scrolls labelled FUSKUR VIKLOEP.
c - 2 scrolls labelled FUSKUR VIKLOEP A quokka comes into view.
Found 3 scrolls labelled RAGIOR NADERHA.
Found 3 stones.
d - 3 scrolls labelled RAGIOR NADERHA This is a scroll of acquirement!
Something appears at your feet!
You see here a manual of Dodging.
Something appears at your feet!
(D) Dungeon
Where to? (? - help)
What level of the Dungeon? (default 1, ? - help)
You closely miss the quokka. The quokka bites you.
You barely miss the quokka. The quokka bites you. x2
You closely miss the quokka. The quokka bites you.
You closely miss the quokka. The quokka completely misses you.
You hit the quokka.
The quokka is lightly wounded.
The quokka bites you. The quokka closely misses you.
You hit the quokka.
The quokka is almost dead.
The quokka misses you.
You hit the quokka.
You kill the quokka!
Trog accepts your kill.
No target in view!
(D) Dungeon
Where to? (Enter - D:1 @ (x,y), ? - help)
What level of the Dungeon? (default 1, ? - help)
You open the door.
There is an open door here.
There is a staircase leading out of the dungeon here.
Are you sure you want to leave the Dungeon?
This will make you lose the game!
HP restored.
You have escaped!

#..# #.# #.## ###.#
######.#####...#
#..............#
#..##+#'#'##...# #
###.#.#.###..#
##⌠.P.P.⌠##.##
##.......###.##
##...@...####.##
###########..#.#
##♣..>..♣###..##
##.......###.##
##♣.⌠_⌠.♣##..#########
#####⌠#####.....†.....
############.########
#.# #.#


There were no monsters in sight!

Vanquished Creatures
  A hobgoblin (D:1)
  A quokka (D:1)
2 creatures vanquished.

Notes
Turn   | Place    | Note
-------+----------+-------------------------------------------
     0 | D:1      | bananamous the Draconian Berserker began the quest for the
                  | Orb.
     0 | D:1      | Reached XP level 1. HP: 19/19 MP: 1/1
    57 | D:1      | Identified 3 scrolls of acquirement
    57 | D:1      | Acquired the +3 pair of mountain boots {steadfast, rC+}
    57 | D:1      | Found the +3 pair of mountain boots {steadfast, rC+}
    58 | D:1      | Acquired a manual of Dodging
   108 | D:$      | Got out of the dungeon alive.

Illustrated notes

Levels and vault maps discovered:
D:1:      spicycebolla_arrival_ecumenical, layout_loops_ring

Action                     || total
---------------------------++-------
  Melee: Hand axe          ||     9
         Tailslap          ||     1
    Use: Scroll            ||     2
  Dodge: Dodged            ||     5
